AoeStats
← sehal

Arena

510725229Analyzed
4v4 RM · 1d ago on Oct 2, 2026· 56m 42s· 8 players
Game mode
Random Map
Map size
Large (8 player)
Population
200
Speed
Normal
Resources
Standard
Victory
Conquest
Starting age
Dark Age
Ending age
Imperial Age
RankedLock teamsTeams togetherTeam positionsShared explorationLock speedFull tech treeHidden civsTurbo modeCheats
Victory
Defeat
🇧🇩 Franks · Bangladesh
947
+17
🇦🇹 Japanese · Austria
925
+18
🇪🇸 Cumans · Spain
913
+19
🇮🇳 Romans · India
846
+21
🇩🇪 Persians · Germany
1032
-21
🇬🇧 Byzantines · United Kingdom
1024
-20
🇨🇿 Slavs · Czechia
999
-20
🇵🇰 Mongols · Pakistan
839
-14
FluxyAshYT
0:26 Loom
12:13 Feudal Age
16:31 Castle Age
15:36 Stone Mining
15:52 Double-Bit Axe
19:53 Man-at-Arms
23:45 Gold Mining
24:46 Horse Collar
26:06 Squires
31:49 Imperial Age
28:46 Long Swordsman
29:34 Pikeman
31:18 Scale Mail Armor
32:12 Bow Saw
32:21 Chain Mail Armor
32:42 Legionary
34:52 Forging
35:52 Comitatenses
37:51 Ballistas
HIT_007
11:07 Feudal Age
11:50 Double-Bit Axe
14:42 Castle Age
17:06 Loom
21:57 Bow Saw
24:21 Stone Mining
24:30 Gold Mining
26:56 Wheelbarrow
30:42 Imperial Age
29:39 Hand Cart
29:34 Husbandry
29:48 Forging
29:45 Scale Barding Armor
30:44 Gold Shaft Mining
31:42 Chain Barding Armor
31:59 Iron Casting
31:03 Cavalier
32:20 Conscription
32:52 Chivalry
33:30 Plate Barding Armor
34:39 Blast Furnace
33:26 Paladin
33:31 Pikeman
34:22 Town Watch
38:04 Fletching
38:16 Padded Archer Armor
38:17 Scale Mail Armor
37:40 Elite Skirmisher
37:46 Halberdier
38:27 Squires
38:13 Arson
38:31 Town Patrol
Thepunisherr498
12:42 Feudal Age
18:16 Castle Age
18:33 Double-Bit Axe
20:45 Bow Saw
21:43 Gold Mining
21:43 Stone Mining
27:30 Bloodlines
27:36 Forging
27:32 Scale Barding Armor
28:56 Steppe Husbandry
29:38 Iron Casting
29:24 Chain Barding Armor
28:55 Fletching
29:09 Padded Archer Armor
32:32 Imperial Age
32:18 Caravan
32:14 Horse Collar
33:12 Gold Shaft Mining
32:46 Bodkin Arrow
33:47 Conscription
34:31 Blast Furnace
34:07 Plate Barding Armor
34:28 Elite Steppe Lancer
36:46 Wheelbarrow
Bantum
10:05 Feudal Age
10:36 Double-Bit Axe
14:39 Castle Age
13:32 Stone Mining
17:38 Loom
22:16 Horse Collar
24:01 Gold Mining
25:45 Treadmill Crane
26:45 Wheelbarrow
26:36 Fletching
27:20 Bow Saw
28:00 Bodkin Arrow
27:59 Guard Tower
28:30 Ballistics
28:09 Murder Holes
32:12 Imperial Age
32:05 Ballistics
31:56 Fortified Wall
32:01 Pikeman
32:32 Capped Ram
34:11 Conscription
33:55 Halberdier
36:46 Keep
36:17 Bracer
39:00 Scale Mail Armor
39:11 Forging
42:19 Squires
42:39 Chain Mail Armor
43:00 Iron Casting
45:01 Plate Mail Armor
47:50 Man-at-Arms
48:15 Gambesons
49:32 Blast Furnace
49:05 Long Swordsman
50:25 Yasama
51:01 Hoardings
50:39 Masonry
51:32 Chemistry
50:17 Arrowslits
50:59 Two-Handed Swordsman
53:00 Heavy Plow
52:44 Champion
55:57 Siege Engineers
56:26 Arson
AFK47
2:25 Loom
10:59 Feudal Age
11:52 Double-Bit Axe
11:51 Horse Collar
13:14 Stone Mining
19:16 Castle Age
18:47 Scale Barding Armor
18:53 Forging
18:57 Gold Mining
22:15 Wheelbarrow
23:01 Husbandry
23:13 Bloodlines
24:55 Bow Saw
25:12 Heavy Plow
26:33 Chain Barding Armor
28:35 Hand Cart
28:49 Detinets
29:16 Caravan
36:36 Imperial Age
36:58 Iron Casting
37:21 Masonry
36:45 Elite Boyar
36:58 Elite Boyar
38:17 Plate Barding Armor
38:54 Blast Furnace
38:52 Murder Holes
39:27 Fletching
40:30 Scale Mail Armor
41:22 Conscription
40:27 Pikeman
41:08 Squires
42:06 Chain Mail Armor
43:54 Two-Man Saw
43:39 Crop Rotation
42:33 Halberdier
44:00 Druzhina
43:51 Man-at-Arms
44:24 Long Swordsman
45:56 Two-Handed Swordsman
47:59 Plate Mail Armor
47:25 Bodkin Arrow
47:30 Padded Archer Armor
48:24 Champion
48:41 Capped Ram
49:50 Siege Ram
ChamberMC
8:56 Loom
9:30 Loom
11:16 Feudal Age
15:35 Castle Age
16:12 Double-Bit Axe
16:10 Horse Collar
20:58 Scale Barding Armor
23:21 Stone Mining
23:22 Gold Mining
25:53 Bow Saw
27:42 Heavy Plow
29:18 Wheelbarrow
30:22 Chain Barding Armor
30:13 Forging
29:54 Fletching
33:29 Imperial Age
31:17 Hand Cart
34:06 Iron Casting
33:27 Bodkin Arrow
33:18 Elite War Elephant
34:13 Citadels
34:32 Cavalier
35:12 Husbandry
35:26 Bloodlines
43:54 Savar
45:38 Blast Furnace
sehal
10:12 Feudal Age
15:30 Castle Age
16:00 Stone Mining
16:01 Double-Bit Axe
15:58 Horse Collar
19:25 Gold Mining
25:23 Loom
26:10 Fletching
26:21 Padded Archer Armor
29:27 Ballistics
33:29 Imperial Age
31:36 Wheelbarrow
32:00 Gold Shaft Mining
31:56 Fortified Wall
31:52 Bodkin Arrow
34:18 Bloodlines
34:09 Husbandry
36:20 Thumb Ring
36:41 Parthian Tactics
37:50 Conscription
51:42 Heavy Plow
52:29 Bow Saw
53:53 Elite Mangudai
MoonRiver
1:49 Loom
10:35 Feudal Age
17:41 Castle Age
17:33 Wheelbarrow
25:29 Double-Bit Axe
25:31 Horse Collar
28:38 Imperial Age
26:33 Bow Saw
27:16 Hand Cart
27:11 Heavy Plow
28:00 Elite Skirmisher
28:46 Thumb Ring
28:04 Pikeman
28:57 Squires
30:25 Chemistry
29:46 Ballistics
29:49 Conscription
31:36 Two-Man Saw
32:37 Fortified Wall
35:00 Gold Mining
35:02 Stone Mining
36:32 Forging
36:22 Scale Mail Armor
36:14 Fletching
36:24 Padded Archer Armor
39:20 Iron Casting
39:00 Chain Mail Armor
38:41 Bodkin Arrow
38:54 Halberdier
Connection lost

Rejoining the realm…

Still unreachable

The connection could not be restored.

Session expired

The server has moved on; the page needs a fresh start.